 Dungeon Crawl Stone Soup version 0.31.0-11-ge490571c62 (webtiles) character file.

Game seed: 6300043139694910311

258207 oldriver the Eclecticist (level 19, -7/117 (120) HPs)
             Began as a Deep Elf Fire Elementalist on Jan 28, 2024.
             Was the Champion of Vehumet.
             Shot with an arrow by a deep elf master archer (25 damage)
             ... on level 3 of the Elven Halls.
             The game lasted 02:06:05 (47932 turns).

oldriver the Eclecticist (DEFE)                    Turns: 47932, Time: 02:06:32

HP:   -7/117 (120)  AC: 17    Str:  6    XL:     19   Next: 11%
MP:   31/54         EV: 22    Int: 32    God:    Vehumet [******]
Gold: 2321          SH:  0    Dex: 15    Spells: 8/58 levels left

rFire   + . .        a - staff "Itairchi" {rElec MP+9 Str+3 Stlth+ Air}
rCold   . . .        Y - sphere of Battle
rNeg    . . .        S - +2 robe of Ucuton {rF+ SInv}
rPois   +            P - +2 helmet {Int+3}
rElec   +            N - +2 cloak {Will+}
rCorr   +            n - +2 pair of gloves
SInv    +            I - +2 pair of boots {rampage}
Will    +++..        R - amulet of magic regeneration
Stlth   ++++++       r - ring "Zumat" {+Blink Will+ rCorr Str-2 Slay+2}
HPRegen 0.39/turn    G - ring of poison resistance
MPRegen 0.74/turn

%: rampage
@: radiating poison, studying Short Blades, lightly drained
A: no striking features
}: 2/15 runes: decaying, serpentine
a: Renounce Religion, Evoke Blink


You were on level 3 of the Elven Halls.
You worshipped Vehumet.
Vehumet was exalted by your worship.
You visited 8 branches of the dungeon, and saw 35 of its levels.
You also visited: Ossuary and Volcano.

You collected 4907 gold pieces.
You spent 2586 gold pieces at shops.

Inventory:

Hand Weapons
 U - a +4 quick blade of flaming
Missiles
 J - 4 throwing nets
Armour
 n - a +2 pair of gloves (worn)
 I - a +2 pair of boots of rampaging (worn)
 N - a +2 cloak of willpower (worn)
 P - a +2 helmet of intelligence (worn)
 S - the +2 robe of Ucuton (worn) {rF+ SInv}
   (You bought it in a shop on level 2 of the Orcish Mines)

   rF+:       It protects you from fire.
   SInv:      It lets you see invisible.
 Y - the sphere of Battle (worn)
   (You bought it in a shop on level 12 of the Dungeon)

   Battle:    It summons a battlesphere in combat, with strength depending on
   Conjurations skill.
   Destructive: It enhances your destructive magic, and weakens non-destructive
   magic.
Magical Staves
 a - the staff "Itairchi" (weapon) {rElec MP+9 Str+3 Stlth+ Air}
   (You acquired it on level 3 of the Swamp)

   [staff of air]

   Base accuracy: +5 Base damage: 5 Base attack delay: 1.2 This weapon's minimum
   attack delay (0.6) is reached at skill level 12.
   Str+3:     It affects your strength (+3).
   rElec:     It insulates you from electricity.
   MP+9:      It affects your magic capacity (+9).
   Stlth+:    It makes you more stealthy.
   Air:       It increases the power of your Air spells.
   It falls into the 'Staves' category.
   It is a one-handed weapon.
Jewellery
 i - a ring of fire
 l - a ring of fire
 r - the ring "Zumat" (left hand) {+Blink Will+ rCorr Str-2 Slay+2}
   (You acquired it on level 3 of the Swamp)

   [ring of resist corrosion]

   Str-2:     It affects your strength (-2).
   Slay+2:    It affects your accuracy & damage with ranged weapons and melee
   (+2).
   Will+:     It increases your willpower.
   +Blink:    It lets you blink.
   rCorr:     It protects you from acid and corrosion.
 u - a ring of positive energy
 w - a ring of protection from cold
 G - a ring of poison resistance (right hand)
 O - a ring of magical power
 R - an amulet of magic regeneration (around neck)
Wands
 b - a wand of digging (9)
 d - a wand of iceblast (40)
 v - a wand of charming (55)
 y - a wand of light (16)
 F - a wand of flame (28)
 K - a wand of polymorph (10)
 M - a wand of mindburst (41)
Scrolls
 g - 2 scrolls of poison
 m - a scroll of brand weapon
 p - 3 scrolls of enchant armour
 q - 2 scrolls of revelation
 x - 8 scrolls of fear
 A - 4 scrolls of blinking
 D - 2 scrolls of vulnerability
 E - 11 scrolls of teleportation
 L - 3 scrolls of fog
 Q - 21 scrolls of identify
 Z - 4 scrolls of enchant weapon
Potions
 c - 22 potions of curing
 e - 4 potions of mutation
 f - 2 potions of berserk rage
 h - 4 potions of might
 j - a potion of attraction
 k - 11 potions of haste
 o - 7 potions of heal wounds
 s - 2 potions of lignification
 t - 3 potions of invisibility
 B - a potion of ambrosia
 C - 2 potions of enlightenment
 H - 4 potions of brilliance
 V - 2 potions of magic
 W - 2 potions of cancellation
Miscellaneous
 T - a sack of spiders


   Skills:
 * Level 13.7 Fighting
 + Level 6.0 Armour
 + Level 18.0 Dodging
 - Level 12.0 Stealth
 - Level 4.0 Shields
 + Level 20.0 Spellcasting
 + Level 14.0 Conjurations
 - Level 4.0 Translocations
 + Level 14.0 Fire Magic
 - Level 6.0 Air Magic
 - Level 3.0 Earth Magic
 - Level 8.0 Alchemy


You had 8 spell levels left.
You knew the following spells:

 Your Spells              Type           Power      Damage    Failure   Level
a - Airstrike             Air            51%        2d(8-24)  1%          4
b - Scorch                Fire           100%       2d9       0%          2
c - Stone Arrow           Conj/Erth      100%       3d13      1%          3
d - Volatile Blastmotes   Fire/Tloc      100%       2d18      1%          3
e - Swiftness             Air            63%        N/A       1%          3
f - Fireball              Conj/Fire      55%        3d21      1%          5
g - Foxfire               Conj/Fire      100%       2x1d9     0%          1
h - Fire Storm            Conj/Fire      55%        8d14      63%         9
i - Ignite Poison         Fire/Alch      100%       N/A       1%          4
j - Arcjolt               Conj/Air       60%        1d70      1%          5
o - Olgreb's Toxic Radia  Alch           90%        N/A       1%          4
q - Passwall              Erth           25%        N/A       1%          3
z - Iskenderun's Mystic   Conj/Tloc      94%        2d18      1%          4

Your spell library contained the following spells:

 Spells                   Type           Power      Damage    Failure   Level
 Chain Lightning          Conj/Air       60%        3d80      98%         9
 Polar Vortex             Ice            24%        12d3*     100%        9
 Shock                    Conj/Air       100%       1d9       0%          1
 Sting                    Conj/Alch      100%       1d9       0%          1
 Apportation              Tloc           56%        N/A       1%          1
 Kiss of Death            Conj/Necr      100%       2d13      1%          1
 Necrotise                Necr           64%        1d7       1%          1
 Sandblast                Erth           100%       2d20      1%          1
 Summon Small Mammal      Summ           64%        N/A       1%          1
 Cigotuvi's Dreadful Rot  Necr/Alch/Air  100%       N/A       1%          2
 Lesser Beckoning         Tloc           56%        N/A       1%          2
 Dazzling Flash           Conj/Hex       100%       N/A       1%          3
 Frozen Ramparts          Ice            96%        1d15      1%          3
 Gell's Gravitas          Tloc           28%        N/A       1%          3
 Inner Flame              Hex/Fire       86%        N/A       1%          3
 Mephitic Cloud           Conj/Alch/Air  100%       N/A       1%          3
 Teleport Other           Tloc           28%        N/A       1%          3
 Brom's Barrelling Bould  Conj/Erth      92%        2d10      1%          4
 Flame Wave               Conj/Fire      100%       2d21      1%          4
 Leda's Liquefaction      Alch/Erth      16%        N/A       1%          4
 Passage of Golubria      Tloc           28%        N/A       1%          4
 Petrify                  Alch/Erth      33%        N/A       1%          4
 Summon Blazeheart Golem  Fire/Summ      38%        N/A       1%          4
 Vhi's Electric Charge    Tloc/Air       100%       N/A       1%          4
 Freezing Cloud           Conj/Ice/Air   53%        6-21      1%          5
 Iskenderun's Battlesphe  Conj           100%       2d15      1%          5
 Yara's Violent Unravell  Hex/Alch       36%        3d15      1%          5
 Conjure Ball Lightning   Conj/Air       60%        3x3d22    1%          6
 Eringya's Noxious Bog    Alch           45%        4d6       1%          6
 Plasma Beam              Fire/Air       60%        2x1d76    1%          6
 Starburst                Conj/Fire      55%        6d15      1%          6
 Orb of Destruction       Conj           55%        9d14      1%          7
 Lee's Rapid Deconstruct  Erth           33%        3d17*     2%          5
 Call Canine Familiar     Summ           16%        N/A       3%          3
 Confusing Touch          Hex            16%        N/A       3%          3
 Summon Ice Beast         Ice/Summ       16%        N/A       3%          3
 Tukima's Dance           Hex            16%        N/A       3%          3
 Summon Lightning Spire   Summ/Air       50%        N/A       3%          4
 Animate Armour           Summ/Erth      40%        N/A       6%          4
 Silence                  Hex/Air        25%        N/A       9%          5
 Dispel Undead            Necr           16%        3d10      11%         4
 Martyr's Knell           Necr/Summ      16%        N/A       11%         4
 Summon Forest            Summ/Tloc      11%        N/A       13%         5
 Spellforged Servitor     Conj/Summ      43%        N/A       13%         7
 Curse of Agony           Necr           16%        N/A       30%         5
 Metabolic Englaciation   Hex/Ice        8%         N/A       30%         5
 Summon Mana Viper        Hex/Summ       16%        N/A       30%         5
 Maxwell's Capacitive Co  Air            51%        ∞         80%         8
 Death Channel            Necr           8%         N/A       86%         6
 Malign Gateway           Summ/Tloc      11%        N/A       99%         7
 Monstrous Menagerie      Summ           8%         N/A       100%        7
 Summon Hydra             Summ           8%         N/A       100%        7
 Summon Horrible Things   Summ           8%         N/A       100%        8


Dungeon Overview and Level Annotations

Branches:
Dungeon (15/15)            Temple (1/1) D:7            Lair (5/5) D:11
  Swamp (4/4) Lair:2        Snake (4/4) Lair:2        Slime (0/5) Lair:5
    Orc (2/2) D:12            Elf (3/3) Orc:2        Vaults (0/5) D:14
 Depths (1/4) D:15        Ossuary (visited)         Volcano (visited)

Altars:
Ashenzari
Cheibriados
Dithmenos
Elyvilon
Fedhas
Gozag
Hepliaklqana
Kikubaaqudgha
Makhleb
Nemelex Xobeh
Okawaru
Qazlal
Ru
Sif Muna
Trog
Uskayaw
Vehumet
Wu Jian
Xom
Yredelemnul
Zin
The Shining One

Shops:
D:2 !   D:4 *   D:7 ==   D:12 *=*=   Orc:2 :*[(   Elf:2 *   Elf:3 [

Annotations:
D:4 2 runed translucent doors, TheRegalBeagle's ghost, amateur DsFi
D:12 3 runed translucent doors, Esekla's ghost, adept NaDe
Lair:1 2 transporters
Lair:4 2 transporters, Kyusiynim's ghost, journeyman GnEn
Swamp:1 1 runed translucent door, Livid's ghost, adept FoHu
Swamp:3 1 runed translucent door, Iffuusoj's ghost, adept MiBe
Snake:2 Roxanne
Elf:2 3 runed translucent doors


Message History

You feel a surge of power!
You begin to radiate toxic energy.
The deep elf high priest is poisoned.
The deep elf annihilator is poisoned.
Your battlesphere fires!
The barrage of energy hits the deep elf annihilator!
You kill the deep elf annihilator!
Vehumet accepts your kill.
You feel your power returning.
The deep elf high priest shoots an arrow.
The arrow hits your battlesphere.
Your battlesphere is destroyed!
Casting: Olgreb's Toxic Radiance (safe; 1% risk of failure)
Confirm with . or Enter, or press ? or * to list all spells.
You feel a surge of power!
You ignite the poison in your surroundings!
The deep elf high priest seems to burn from within!
The deep elf high priest is severely wounded.
You conjure a globe of magical energy.
The deep elf high priest is poisoned.
The deep elf high priest calls down the wrath of its god upon you.
The sphere of damnation explodes!
The damnation engulfs you!!
The damnation engulfs your battlesphere!!!
Your battlesphere is destroyed!
Casting: Ignite Poison (safe; 1% risk of failure)
Confirm with . or Enter, or press ? or * to list all spells.
You feel a surge of power!
You ignite the poison in your surroundings!
The deep elf high priest seems to burn from within.
The deep elf high priest is almost dead.
The deep elf master archer seems to burn from within!!
The deep elf master archer is heavily wounded.
You conjure a globe of magical energy.
The deep elf master archer is poisoned.
The deep elf high priest is poisoned.
You kill the deep elf high priest!
Vehumet accepts your kill.
You feel your power returning.
The deep elf master archer shoots an arrow.
The arrow hits you!!!
* * * LOW HITPOINT WARNING * * *
The deep elf master archer shoots an arrow.
The arrow hits you!!
You die...

.....#.........# #####.##
.. ....######.#####
#...[.e# ... ...##
#.###### #.#..∩.# )...
..## #......# #......#
e)... ...## ######.#
#.....e##e..... ....## ###
#.# #......[§......
.....##
##.###.###)#....####....
......####...#..*##.#e.).#
.
......'........#@○)).$<..#
......####...#.#.#####.#.#
.....## ##.##.#.#####.###
....## #.....#.....#...#
...## #.#########.###.#
#'## #.....#.....# .# #.#
####..#.##### .# #.#
#..#.# # #.##### #..#.#


You could see a deep elf master archer (poisoned) and a friendly battlesphere.

Vanquished Creatures
  Mara (Swamp:3)
  Nikola (Swamp:3)
  A bone dragon (Swamp:4)
  Rupert (Lair:5)
  2 tentacled monstrosities
  Mlioglotl (Snake:2)
  A deep elf blademaster (Elf:3)
  3 deep elf master archers (Elf:3)
  Gastronok (Orc:1)
  A thorn hunter (Swamp:3)
  Kirke (D:12)
  Aizul (Swamp:3)
  4 nagarajas
  A fenstrider witch (Swamp:3)
  2 deep elf elementalists
  4 deep elf sorcerers (Elf:3)
  An orc warlord (Orc:2)
  5 deep elf death magi
  6 deep elf demonologists
  4 eleionomae
  3 bunyips
  3 deep elf annihilators (Elf:3)
  Snorg (Orc:1)
  3 deep elf high priests (Elf:3)
  Harold (Orc:1)
  3 salamander tyrants
  A rakshasa (D:15)
  15 hydras
  2 catoblepae
  A ghost crab (Swamp:1)
  14 anacondas
  Erica (Orc:1)
  8 alligators
  6 boulder beetles
  15 dancing weapons
  An ogre mage (Volcano)
  A two-headed ogre (shapeshifter) (Elf:2)
  14 death yaks
  6 naga warriors
  9 two-headed ogres
  4 tengu warriors
  2 occultists
  11 naga sharpshooters
  4 deep elf knights
  5 orc high priests
  A hell knight (Volcano)
  7 shock serpents
  Nergalle (D:11)
  3 salamander mystics
  2 skysharks (Lair:4)
  A death drake (Swamp:4)
  5 goliath frogs
  9 naga ritualists
  4 spriggan druids
  4 arcanists (D:14)
  A lindwurm (Lair:3)
  4 swamp dragons
  4 bog bodies
  3 deep elf archers
  7 mana vipers
  A spectral alligator (Swamp:4)
  A spectral hydra (Swamp:4)
  3 phantasmal warriors (Swamp:4)
  A necromancer (D:15)
  6 orc knights
  20 deep elf pyromancers
  14 deep elf zephyrmancers
  7 orc sorcerers
  An alligator zombie (Swamp:4)
  2 oklob plants
  3 cyclopes
  14 salamanders
  A shining eye (shapeshifter) (Elf:3)
  7 ugly things
  2 will-o-the-wisps
  Maurice (D:10)
  A centaur zombie (D:15)
  3 meliai (D:14)
  A meliai (shapeshifter) (D:14)
  8 elephants (Lair:3)
  7 guardian serpents
  3 gargoyles
  24 naga magi
  2 torpor snails
  38 black mambas
  13 cane toads
  Maggie (D:6)
  A centaur skeleton (D:15)
  3 swamp worm zombies (Swamp:4)
  A kobold demonologist (D:11)
  3 rime drakes
  10 komodo dragons
  3 hydra zombies (Swamp:4)
  4 tengu conjurers
  10 tyrant leeches
  6 polar bears (Lair:5)
  A troll (shapeshifter) (D:15)
  3 trolls
  3 bloated husks
  11 hornets
  A blink frog (shapeshifter) (Elf:3)
  A meliai zombie (D:15)
  21 blink frogs
  4 spectral swamp dragons (Swamp:4)
  6 dream sheep (Lair:5)
  An air elemental (Elf:1)
  23 spriggans
  Sigmund (D:3)
  2 shadows
  3 wraiths
  5 tyrant leech zombies (Swamp:4)
  A human (D:12)
  10 water elementals
  4 wyverns
  A yak (shapeshifter) (D:14)
  4 basilisks
  2 hogs (D:12)
  5 wargs
  36 yaks
  5 fire elementals
  2 steam dragons
  2 vampire mosquitoes (D:13)
  16 swamp worms
  51 nagas
  2 acid dragons
  12 water moccasins
  5 black bears
  A swamp drake (Swamp:1)
  4 swamp dragon zombies (Swamp:4)
  An ice beast (shapeshifter) (Elf:1)
  2 laughing skulls (D:14)
  A sky beast (D:7)
  38 orc warriors
  8 ogres
  19 wolves
  3 centaurs (D:9)
  4 boggarts (Lair:5)
  7 phantoms
  3 kobold brigands
  Blork the orc (D:6)
  4 earth elementals
  18 bullfrogs
  3 scorpions
  A burial acolyte (Ossuary)
  13 wights
  17 killer bees (D:9)
  An electric eel (Lair:2)
  2 gnoll boudas
  3 jellies (Lair:5)
  22 orc priests
  A sleepcap (D:5)
  5 iguanas
  33 orc wizards
  8 hell rats
  11 gnolls
  6 adders
  4 river rats (Lair:5)
  A shadow imp (D:6)
  13 white imps
  An adder skeleton (Ossuary)
  3 dart slugs
  A ribbon worm (D:4)
  97 orcs
  13 endoplasms
  6 giant cockroaches
  8 goblins
  5 hobgoblins
  4 quokkas
  A ball python (D:3)
  2 ball python skeletons (Ossuary)
  9 bats
  3 frilled lizards
  2 hobgoblin skeletons (Ossuary)
  14 kobolds
  3 kobold skeletons (Ossuary)
  An orc skeleton (Ossuary)
  18 rats
1151 creatures vanquished.

Vanquished Creatures (others)
  2 spectral alligators (Swamp:4)
  2 bloated husks (Swamp:4)
  2 phantoms (Swamp:4)
  985 foxfires
991 creatures vanquished.

Grand Total: 2142 creatures vanquished

Notes
Turn   | Place    | Note
-------+----------+-------------------------------------------
     0 | D:1      | oldriver the Deep Elf Fire Elementalist began the quest for
                  | the Orb.
     0 | D:1      | Reached XP level 1. HP: 10/10 MP: 6/6
   335 | D:1      | Reached XP level 2. HP: 16/16 MP: 1/8
   813 | D:1      | Learned a level 2 spell: Scorch
  1750 | D:2      | Found Wasoxif's Distillery.
  1768 | D:2      | Reached XP level 3. HP: 14/20 MP: 5/10
  1778 | D:2      | Reached skill level 4 in Spellcasting
  2311 | D:2      | Reached skill level 1 in Fighting
  2315 | D:2      | Reached XP level 4. HP: 18/25 MP: 3/12
  2623 | D:3      | Noticed Sigmund
  3174 | D:3      | Reached skill level 5 in Spellcasting
  3174 | D:3      | Reached XP level 5. HP: 29/29 MP: 4/14
  3374 | D:4      | Noticed an ogre
  3395 | D:4      | Identified the +1 scale mail of the Floral God {Harm Str+3}
  3405 | D:4      | Found a sand-covered staircase.
  3509 | D:4      | Reached XP level 6. HP: 34/34 MP: 9/16
  3512 | Ossuary  | Entered an ossuary
  3891 | Ossuary  | Reached skill level 6 in Spellcasting
  4069 | Ossuary  | Reached skill level 5 in Fire Magic
  4069 | Ossuary  | Reached XP level 7. HP: 38/38 MP: 13/18
  4219 | D:4      | Found Ymennofy's Assorted Antiques.
  4295 | D:4      | Found a runed translucent door.
  4322 | D:4      | Found a runed translucent door.
  4483 | D:4      | Noticed TheRegalBeagle's ghost (amateur DsFi)
  4541 | D:4      | Reached skill level 7 in Spellcasting
  4689 | D:4      | Learned a level 3 spell: Inner Flame
  4693 | D:4      | Learned a level 3 spell: Volatile Blastmotes
  4698 | D:4      | Learned a level 4 spell: Flame Wave
  4791 | D:3      | Killed Sigmund
  5478 | D:4      | Bought a cabochon ring for 135 gold pieces
  5496 | D:5      | Entered Level 5 of the Dungeon
  6051 | D:5      | Reached XP level 8. HP: 44/44 MP: 12/21
  6162 | D:5      | Found a hide-covered altar of Uskayaw.
  6162 | D:5      | Noticed a +0 short sword
  6162 | D:5      | Noticed a +0 spear
  6162 | D:5      | Noticed a +0 spear
  6163 | D:5      | Noticed a +0 falchion
  6164 | D:5      | Noticed a +0 falchion
  6165 | D:5      | Noticed a +0 dagger
  6165 | D:5      | Noticed a +0 short sword
  6166 | D:5      | Noticed a +0 dagger
  6496 | D:5      | Reached skill level 5 in Stealth
  6942 | D:6      | Reached skill level 5 in Dodging
  6942 | D:6      | Reached skill level 8 in Spellcasting
  7033 | D:6      | Noticed Blork the orc
  7041 | D:6      | Killed Blork the orc
  7204 | D:6      | Noticed Maggie
  7222 | D:6      | Killed Maggie
  7294 | D:6      | Found a shadowy altar of Dithmenos.
  7697 | D:6      | Reached skill level 5 in Conjurations
  7697 | D:6      | Reached XP level 9. HP: 48/48 MP: 15/23
  7717 | D:6      | Learned a level 3 spell: Stone Arrow
  7721 | D:6      | Learned a level 3 spell: Passwall
  7913 | D:7      | Found Fohog's Jewellery Shop.
  8125 | D:7      | Identified the +0 mace of the Real Monster {drain, *Rage
                  | rElec Int+5}
  8233 | D:7      | Found a staircase to the Ecumenical Temple.
  8307 | Temple   | Entered the Ecumenical Temple
  8317 | Temple   | Became a worshipper of Vehumet
  8375 | D:7      | Reached skill level 9 in Spellcasting
  8504 | D:7      | Found Nisakia's Jewellery Boutique.
  9436 | D:8      | Found an iron altar of Okawaru.
  9609 | D:8      | Reached skill level 1 in Earth Magic
  9724 | D:8      | Found a transporter.
  9727 | D:8      | Found a transporter.
  9727 | D:8      | Noticed a boulder beetle
  9759 | D:7      | Reached * piety under Vehumet
  9759 | D:7      | Offered knowledge of Sting by Vehumet.
 10893 | D:8      | Learned a level 3 spell: Swiftness
 10898 | D:8      | Learned a level 4 spell: Airstrike
 10905 | D:9      | Reached XP level 10. HP: 56/56 MP: 20/25
 11135 | D:9      | Noticed a two-headed ogre
 11159 | D:9      | Reached skill level 10 in Spellcasting
 11159 | D:9      | Reached skill level 1 in Air Magic
 11289 | D:9      | Noticed a cyclops
 11386 | D:9      | Killed a two-headed ogre
 11624 | D:9      | Offered knowledge of Static Discharge by Vehumet.
 11625 | D:9      | Reached ** piety under Vehumet
 12024 | D:9      | Reached skill level 11 in Spellcasting
 12205 | D:9      | Killed a cyclops
 12335 | D:9      | Identified the +4 quarterstaff of Parts Unknown {venom,
                  | rCorr Dex+4}
 12383 | D:10     | Entered Level 10 of the Dungeon
 12900 | D:10     | Found a sacrificial altar of Ru.
 12901 | D:10     | Found a stormy altar of Qazlal.
 12908 | D:10     | Found an opulent altar of Gozag.
 12909 | D:10     | Found a shimmering altar of Xom.
 12912 | D:10     | Found a hazy altar of Hepliaklqana.
 12914 | D:10     | Found a white marble altar of Elyvilon.
 12914 | D:10     | Found a burning altar of Makhleb.
 12917 | D:10     | Found an ancient bone altar of Kikubaaqudgha.
 13198 | D:10     | Noticed Maurice
 13683 | D:10     | Reached XP level 11. HP: 45/62 MP: 1/28
 13982 | D:10     | Killed Maurice
 13982 | D:10     | Offered knowledge of Mercury Vapours by Vehumet.
 14492 | D:11     | Noticed Nergalle
 14529 | D:11     | Learned a level 5 spell: Arcjolt
 14833 | D:11     | Killed Nergalle
 14833 | D:11     | Reached *** piety under Vehumet
 14834 | D:11     | Reached skill level 5 in Fighting
 14834 | D:11     | Reached skill level 5 in Air Magic
 15324 | D:11     | Found a staircase to the Lair.
 15558 | Lair:1   | Entered Level 1 of the Lair of Beasts
 15571 | Lair:1   | Reached skill level 12 in Spellcasting
 16104 | Lair:1   | Offered knowledge of Iskenderun's Mystic Blast by Vehumet.
 17072 | D:7      | Bought a ring of magical power for 220 gold pieces
 17185 | D:4      | Bought a scroll of amnesia for 108 gold pieces
 17191 | D:4      | Learned a level 4 spell: Iskenderun's Mystic Blast
 17552 | Lair:1   | Found a transporter.
 17777 | Lair:1   | Reached skill level 1 in Translocations
 17803 | Lair:1   | Found a transporter.
 17958 | Lair:2   | Reached XP level 12. HP: 69/69 MP: 20/30
 18204 | Lair:2   | Reached skill level 10 in Stealth
 18231 | Lair:2   | Noticed a boulder beetle
 18232 | Lair:2   | Noticed a catoblepas
 19166 | Lair:2   | Killed a catoblepas
 19167 | Lair:2   | Reached skill level 10 in Dodging
 19167 | Lair:2   | Reached skill level 13 in Spellcasting
 19386 | Lair:2   | Killed a boulder beetle
 19654 | Lair:2   | Found a staircase to the Swamp.
 19932 | Lair:2   | Found a staircase to the Snake Pit.
 20276 | Lair:3   | Reached **** piety under Vehumet
 20704 | Lair:3   | Offered knowledge of Olgreb's Toxic Radiance by Vehumet.
 20710 | Lair:3   | Learned a level 4 spell: Olgreb's Toxic Radiance
 20721 | Lair:3   | Reached skill level 1 in Alchemy
 21113 | Lair:3   | Noticed a death yak
 21119 | Lair:3   | Killed a death yak
 21120 | Lair:3   | Reached skill level 14 in Spellcasting
 21769 | Lair:3   | Noticed a four-headed hydra
 21772 | Lair:3   | Reached XP level 13. HP: 76/76 MP: 19/33
 22288 | Lair:3   | Learned a level 4 spell: Ignite Poison
 22386 | Lair:3   | Reached skill level 5 in Alchemy
 23824 | Lair:4   | Found a transporter.
 23824 | Lair:4   | Found a transporter.
 23862 | Lair:4   | Found a dark tunnel.
 23884 | Volcano  | Entered a volcano
 24846 | Lair:4   | Reached skill level 15 in Spellcasting
 25426 | Lair:4   | Found a bloodstained altar of Trog.
 25430 | Lair:4   | Noticed Kyusiynim's ghost (journeyman GnEn)
 25577 | Lair:5   | Entered Level 5 of the Lair of Beasts
 25728 | Lair:5   | Reached ***** piety under Vehumet
 25728 | Lair:5   | Offered knowledge of Bombard by Vehumet.
 25729 | Lair:5   | Reached XP level 14. HP: 84/84 MP: 30/35
 26215 | Lair:5   | Identified the maw talisman "Otyp" {rPois Int+3}
 26215 | Lair:5   | Noticed Rupert
 26224 | Lair:5   | Killed Rupert
 26379 | Lair:5   | Found a staircase to the Slime Pits.
 27564 | Lair:5   | Reached skill level 10 in Fire Magic
 27704 | Lair:5   | Reached skill level 1 in Shields
 27709 | Lair:5   | Reached skill level 16 in Spellcasting
 28785 | D:12     | Identified the +0 scale mail of the Ego {+Inv rF+ Int+2
                  | Slay-5}
 28977 | D:12     | Found a staircase to the Orcish Mines.
 29028 | D:12     | Found a runed translucent gate.
 29028 | D:12     | Found a runed translucent gate.
 29028 | D:12     | Found a runed translucent gate.
 29097 | D:12     | Found Uqust's Jewellery Shop.
 29101 | D:12     | Bought an amulet of magic regeneration for 450 gold pieces
 29146 | D:12     | Found Salles's Neck Hole.
 29148 | D:12     | Noticed Kirke
 29154 | D:12     | Killed Kirke
 29154 | D:12     | Offered knowledge of Lee's Rapid Deconstruction by Vehumet.
 29217 | D:12     | Found Rimiopi's General Store.
 29292 | D:12     | Noticed Esekla's ghost (adept NaDe)
 29424 | D:12     | Found Regez's Jewellery Emporium.
 30158 | D:12     | Bought a +2 helmet of intelligence for 258 gold pieces
 30224 | Orc:1    | Entered Level 1 of the Orcish Mines
 30230 | Orc:1    | Noticed Gastronok
 30241 | Orc:1    | Killed Gastronok
 30319 | Orc:1    | Noticed Erica
 30322 | Orc:1    | Killed Erica
 30406 | Orc:1    | Noticed Snorg
 30415 | Orc:1    | Killed Snorg
 30416 | Orc:1    | Reached skill level 1 in Armour
 30664 | Orc:2    | Entered Level 2 of the Orcish Mines
 30675 | Orc:2    | Found a radiant altar of Vehumet.
 30797 | Orc:2    | Found a staircase to the Elven Halls.
 31000 | Orc:2    | Noticed an orc warlord
 31015 | Orc:2    | Killed an orc warlord
 31016 | Orc:2    | Reached XP level 15. HP: 92/92 MP: 27/37
 31499 | Orc:2    | Offered knowledge of Fireball by Vehumet.
 31550 | Orc:2    | Found Vapeask's Antique Armour Shoppe.
 31551 | Orc:2    | Found Dusch's Antique Weapon Emporium.
 31553 | Orc:2    | Found Bihei's General Store.
 31553 | Orc:2    | Found Ifecol's Book Shoppe.
 31666 | Orc:2    | Reached skill level 17 in Spellcasting
 31715 | Orc:2    | Reached skill level 10 in Fighting
 31923 | Orc:1    | Learned a level 5 spell: Fireball
 31929 | Orc:1    | Noticed Harold
 31937 | Orc:1    | Killed Harold
 32170 | Orc:2    | Bought a spiked robe for 199 gold pieces
 32170 | Orc:2    | Identified the +2 robe of Ucuton {rF+ SInv} (You bought it
                  | in a shop on level 2 of the Orcish Mines)
 32848 | D:14     | Found a shimmering altar of Xom.
 32991 | D:14     | Found a gate to the Vaults.
 33671 | D:15     | Entered Level 15 of the Dungeon
 34589 | D:15     | Found a staircase to the Depths.
 34879 | Snake:1  | Entered Level 1 of the Snake Pit
 34884 | Snake:1  | Offered knowledge of Iskenderun's Battlesphere by Vehumet.
 35037 | Snake:1  | Reached skill level 18 in Spellcasting
 35259 | Snake:1  | Reached XP level 16. HP: 99/99 MP: 38/40
 35291 | Snake:1  | Reached skill level 10 in Conjurations
 35291 | Snake:1  | Reached ****** piety under Vehumet
 35628 | Snake:1  | Found the +9 sword of Zonguldrok {reap}
 35804 | Snake:1  | Found a stormy altar of Qazlal.
 36110 | Snake:2  | Noticed Mlioglotl
 36196 | Snake:2  | Killed Mlioglotl
 36680 | Snake:2  | Reached skill level 15 in Dodging
 36684 | Snake:2  | Offered knowledge of Eringya's Noxious Bog by Vehumet.
 36820 | Snake:2  | You fall into a shaft and drop 1 floor!
 37104 | Snake:2  | Noticed Roxanne
 37550 | D:12     | Bought the sphere of Battle for 960 gold pieces
 37550 | D:12     | Found the sphere of Battle
 37552 | D:12     | Bought a scroll of fear for 48 gold pieces
 37810 | Snake:3  | Reached skill level 19 in Spellcasting
 37887 | Snake:3  | Identified the +7 spear "Worm's Wrath" {antimagic, Str+3}
 38398 | Snake:4  | Entered Level 4 of the Snake Pit
 38698 | Snake:4  | Reached XP level 17. HP: 77/106 MP: 11/42
 39381 | Snake:4  | Offered knowledge of Irradiate by Vehumet.
 39831 | Snake:4  | Got a serpentine rune of Zot
 39993 | Snake:4  | Found a burning altar of Makhleb.
 40296 | Swamp:1  | Entered Level 1 of the Swamp
 40499 | Swamp:1  | Found a runed translucent door.
 40499 | Swamp:1  | Noticed Livid's ghost (adept FoHu)
 41158 | Depths:1 | Entered Level 1 of the Depths
 41535 | Swamp:2  | Offered knowledge of Lehudib's Crystal Spear by Vehumet.
 42025 | Swamp:3  | Noticed a tentacled monstrosity
 42033 | Swamp:3  | Killed a tentacled monstrosity
 42170 | Swamp:3  | Noticed Nikola
 42177 | Swamp:3  | Killed Nikola
 42216 | Swamp:3  | Noticed Iffuusoj's ghost (adept MiBe)
 42219 | Swamp:3  | Found a runed translucent door.
 42238 | Swamp:3  | Identified the serpent talisman "Yduaj" {rElec rC+}
 42238 | Swamp:3  | Noticed Aizul
 42241 | Swamp:3  | Killed Aizul
 42283 | Swamp:3  | Noticed Mara
 42293 | Swamp:3  | Killed Mara
 42694 | Swamp:3  | Identified 3 scrolls of acquirement
 42697 | Swamp:3  | Acquired 978 gold pieces
 42699 | Swamp:3  | Acquired the staff "Itairchi" {rElec MP+9 Str+3 Stlth+ Air}
 42704 | Swamp:3  | Acquired the ring "Zumat" {+Blink Will+ rCorr Str-2 Slay+2}
 42727 | Swamp:4  | Entered Level 4 of the Swamp
 42757 | Swamp:4  | Reached XP level 18. HP: 112/112 MP: 27/43
 42831 | Swamp:4  | Reached skill level 5 in Armour
 42838 | Swamp:4  | Noticed a tentacled monstrosity
 42844 | Swamp:4  | Killed a tentacled monstrosity
 43398 | Swamp:4  | Reached skill level 20 in Spellcasting
 43427 | Swamp:4  | Noticed a bone dragon
 43752 | Swamp:4  | Killed a bone dragon
 43907 | Swamp:4  | Got a decaying rune of Zot
 44000 | Swamp:4  | Acquired 758 gold pieces
 44220 | Elf:1    | Entered Level 1 of the Elven Halls
 44585 | Elf:1    | Paralysed by an air elemental for 1 turns
 45493 | Elf:2    | Identified the +3 scale mail "Zuzis" {rF+ rC+ Dex-5}
 45735 | Elf:2    | Found Xybb's General Store.
 45745 | Elf:2    | Bought a potion of curing for 48 gold pieces
 45745 | Elf:2    | Bought a potion of haste for 160 gold pieces
 45841 | Elf:2    | Found a runed translucent gate.
 45841 | Elf:2    | Found a runed translucent gate.
 45841 | Elf:2    | Found a runed translucent gate.
 46120 | Elf:3    | Entered Level 3 of the Elven Halls
 46389 | Elf:3    | Found Zoexke Misu's Antique Armour Boutique.
 47136 | Elf:3    | Offered knowledge of Fire Storm by Vehumet.
 47136 | Elf:3    | Offered knowledge of Chain Lightning by Vehumet.
 47136 | Elf:3    | Offered knowledge of Polar Vortex by Vehumet.
 47150 | Elf:3    | Identified the staff "Fish" {rN+ Int+3 Dex+4 Necro}
 47217 | Elf:3    | Reached XP level 19. HP: 80/120 MP: 45/45
 47392 | Elf:3    | Learned a level 9 spell: Fire Storm
 47932 | Elf:3    | Shot with an arrow by a deep elf master archer

Illustrated notes

Levels and vault maps discovered:
D:1:      eino_arrival_cavern_a, layout_basic
D:2:      layout_basic, serial_shops, shop
D:3:      layout_rooms, uniq_sigmund
D:4:      layout_rooms, serial_shops, nicolae_shop_crystal,
          ebering_ghost_sewer_f, nicolae_ossuary_entry_ruins,
          minmay_stone_trees_small
D:5:      layout_loops_corners, nicolae_uskayaw_en_pointe,
          amcnicky_mini_rare_corridor_liquid
D:6:      layout_gridville, mainiacjoe_overflow_surrounded_room,
          uniq_blork_the_orc, uniq_maggie
D:7:      layout_layer_cave, minmay_temple_entry_slanted, serial_shops,
          nicolae_shop_tiny_glass, shop_statue
D:8:      gammafunk_boulding_lane, layout_basic, okawaru_trees_1
D:9:      layout_irregular_city, minmay_fractal_squares_gapless_5
D:10:     nicolae_hitomezashi [nicolae_hito_row, nicolae_hito_row,
          nicolae_hito_row, nicolae_hito_row, nicolae_hito_row,
          nicolae_hito_row, nicolae_hito_row, nicolae_hito_row,
          nicolae_hito_row, nicolae_hito_row, nicolae_hito_row,
          nicolae_hito_row, nicolae_hito_row, nicolae_hito_row,
          nicolae_hito_row, nicolae_hito_row, nicolae_hito_row,
          nicolae_hito_row], layout_loops_corners,
          nicolae_overflow_hallway_of_the_gods, uniq_maurice
D:11:     layout_irregular_city, lair_entry_dummy, portal_ice_cave_entry_imps,
          nicolae_underground_beach, uniq_nergalle
D:12:     layout_gridville, david_orc_4, serial_shops, shop, shop, shop,
          gammafunk_ghost_split, nicolae_shop_sticking_my_neck_out, uniq_kirke
D:13:     layout_cave_pools, library_closet, abandoned_shop
D:14:     layout_small_grid, david_vaults_1,
          hangedman_abyss_or_decor_jellyfish_corner, brannock_xom_greatest_gift
D:15:     grunt_enter_depths_magical_seal, layout_irregular_city,
          nicolae_the_louvre
Temple:   jpeg_temple_clearing
Lair:1:   gammafunk_cloud_chamber, layout_regular_city,
          chequers_serial_rivers_marsh, infiniplex_staircase_pool_2
Lair:2:   layout_regular_city, nicolae_swamp_entry_splash_gauntlet,
          nicolae_snake_entry_squirm, gauntlet_entry_generic
Lair:3:   nzn_winding_woodlands_stair_cross
          [nzn_winding_woodlands_5x15_sidewinder,
          nzn_winding_woodlands_center_triple_pond,
          nzn_winding_woodlands_5x15_default,
          nzn_winding_woodlands_5x5_closed_star,
          nzn_winding_woodlands_5x5_default, nzn_winding_woodlands_5x15_default,
          nzn_winding_woodlands_center_diamonds,
          nzn_winding_woodlands_5x15_twine], layout_layer_cave
Lair:4:   layout_roguey, gammafunk_ghost_wrathful_warriors,
          nicolae_volcano_entry_hallway, grunt_megastairs_3,
          infiniplex_staircase_pool
Lair:5:   minmay_lair_end_enchanted_forest, layout_misc_corridors,
          nicolae_slime_entry_slimehenge, kennysheep_abandoned_house,
          uniq_rupert
Swamp:1:  layout_falls_marsh, gammafunk_ghost_grave, hangedman_swamp_cone
Swamp:2:  layout_basic_swamp, hangedman_swamp_lotus
Swamp:3:  layout_falls_marsh, hellmonk_ghost_happy_afterlife,
          nicolae_swamp_some_circles, swamp_pool_4, uniq_mara, uniq_aizul,
          uniq_nikola
Swamp:4:  swamp_pestilence, layout_basic_swamp
Snake:1:  cheibrodos_forgotten_conduit, layout_rooms, basic_altar,
          hangedman_snake_corridor_split, serial_bayou_shore_b
Snake:2:  layout_onion_interference, uniq_mlioglotl, uniq_roxanne
Snake:3:  layout_cave_pods, grunt_megastairs_4
Snake:4:  johnstein_snake_rune_scales, layout_grid_maze,
          hangedman_snake_pattern, lemuel_oklob_altar
Orc:1:    layout_caves, uniq_erica, uniq_snorg, uniq_gastronok, uniq_harold
Orc:2:    st_orc_congregation, layout_caves, basic_altar
Elf:1:    minmay_elf_arrival_summoners, layout_geoelf_grid,
          nicolae_elf_crossing_hall
Elf:2:    nicolae_elf_blades_splatter_lattice [nooodl_blade_entry_preview],
          layout_loops_cross, serial_shops, shop, uniq_norris, uniq_donald
Elf:3:    minmay_elf_hall_quartered_circle, layout_loops_corners, serial_shops,
          shop
Depths:1: layout_cave_shapes, minmay_misc_feat_doors, hell_entry,
          wad_floor_pattern_untrapped, worldfamousw_hep_ancestral_shrine

Skill      XL: |  1  2  3  4  5  6  7  8  9 10 11 12 13 14 15 16 17 18 19 |
---------------+----------------------------------------------------------+-----
Spellcasting   | 4 5 6 7 8 9 11 12 14 15 16 18 19 20 | 20.0
Fighting       | 1 2 3 4 5 7 8 9 10 11 12 13 | 13.7
Conjurations   | 2 3 5 6 7 8 9 11 12 14 | 14.0
Fire Magic     | 4 5 6 7 8 9 10 11 12 14 | 14.0
Stealth        | 3 4 6 7 8 9 10 11 12 | 12.0
Dodging        | 3 4 6 7 8 9 11 12 13 14 15 16 17 18 | 18.0
Earth Magic    | 2 3 |  3.0
Air Magic      | 4 6 |  6.0
Translocations | 1 3 4 |  4.0
Alchemy        | 4 8 |  8.0
Shields        | 4 |  4.0
Armour         | 1 2 4 6 |  6.0

Action                     |  1- 3 |  4- 6 |  7- 9 | 10-12 | 13-15 | 16-18 | 19-21 || total
---------------------------+-------+-------+-------+-------+-------+-------+-------++-------
  Melee: Unarmed           |     1 |       |       |       |       |       |       ||     1
         Staff             |     1 |     1 |       |       |       |       |       ||     2
         Mace              |       |       |       |     4 |     8 |       |       ||    12
   Cast: Foxfire           |   127 |    79 |   260 |   125 |       |       |       ||   591
         Scorch            |     6 |    45 |    69 |    58 |       |       |       ||   178
         Volatile Blastmot |       |       |    12 |    29 |     9 |       |       ||    50
         Flame Wave        |       |       |     2 |     7 |       |       |       ||     9
         Airstrike         |       |       |       |   211 |   173 |    62 |       ||   446
         Arcjolt           |       |       |       |     5 |     1 |       |       ||     6
         Stone Arrow       |       |       |       |    18 |    22 |    28 |       ||    68
         Iskenderun's Myst |       |       |       |    10 |    81 |   112 |     2 ||   205
         Olgreb's Toxic Ra |       |       |       |     8 |   227 |    30 |     4 ||   269
         Swiftness         |       |       |       |     1 |     1 |       |       ||     2
         Ignite Poison     |       |       |       |       |   201 |    26 |     4 ||   231
         Fireball          |       |       |       |       |   109 |   529 |    18 ||   656
  Evoke: Wand              |       |       |     2 |     7 |       |       |       ||     9
    Use: Scroll            |       |     3 |    24 |     5 |     4 |     8 |     1 ||    45
         Potion            |       |     2 |       |       |       |     1 |       ||     3
 Armour: Robe              |     4 |     8 |    14 |    59 |    44 |    71 |    10 ||   210
         Steam dragon scal |       |       |     1 |       |       |       |       ||     1
  Dodge: Dodged            |     5 |    10 |    19 |    54 |    37 |    61 |       ||   186
  Block: Buckler           |       |       |       |       |     8 |     9 |       ||    17
